Map: Neon Violet Square LE

Players

Cmnm

  • Race: Zerg Zerg
  • League: Platinum
  • Spawn Location: 5:00

Cellsidus - Winner!

  • Race: Zerg Zerg
  • League: Platinum
  • Spawn Location: 11:00

VOD

Have the link to the VOD?

Description

Time

  • Played on: Jan. 9, 2018, 6:32 p.m.
  • Length: 11:52
Show
View Real Time Build Order
Export as new Build Order

Cmnm Zerg 

Build Orders: Hatch First, Zergling Baneling 

Get SALT Encoding   

  12  0:01  Drone  
  13  0:09  Drone  
  14  0:18  Drone, Extractor  
  15  0:41  Hatchery  
  14  0:47  Extractor  
  14  0:48  Drone  
  15  1:03  Spawning Pool  
  14  1:09  Overlord  
  14  1:28  Drone x3  
  14  1:31  Extractor  
  16  1:40  Drone  
  17  1:49  Queen  
  17  1:51  Drone  
  20  1:56  Queen  
  22  2:05  Overlord  
  22  2:16  Baneling Nest  
  21  2:25  Drone  
  22  2:31  Zergling x4  
  22  2:32  Queen  
  26  2:42  Zergling x6  
  29  2:55  Drone  
  30  3:03  Baneling x2  
  30  3:12  Drone x6  
  36  3:20  Baneling  
  36  3:22  Baneling  
  36  3:24  Baneling  
  36  3:34  Overlord x2  
  36  3:41  Roach Warren  
  31  3:44  Zergling x2  
  32  3:52  Drone x3  
  34  3:58  Zergling x4  
  36  4:04  Spine Crawler  
  36  4:06  Baneling  
  35  4:10  Baneling  
  35  4:12  Zergling x4  
  37  4:28  Baneling  
  36  4:36  Zergling x4  
  36  4:37  Baneling x2  
  36  4:45  Roach x2  
  40  4:50  Extractor  
  39  5:02  Baneling  
  39  5:04  Roach  
  40  5:13  Zergling x2  
  40  5:14  Zergling x2  
  41  5:20  Drone x4  
  41  5:21  Drone  
  45  5:28  Zergling x2  
  46  5:36  Baneling  
  46  5:38  Roach x2  
  49  5:58  Baneling  
  49  6:01  Baneling  
  49  6:02  Baneling  
  49  6:03  Roach  
  51  6:04  Overlord x4  
  51  6:16  Baneling  
  48  6:38  Roach x6  
  48  6:39  Roach x2  
  61  6:46  Extractor  
  61  6:47  Drone  
  61  6:53  Zergling x4  
  63  7:04  Roach  
  63  7:05  Roach  
  67  7:19  Roach x2  
  71  7:25  Hatchery  
  71  7:26  Drone x3, Extractor  
  72  7:38  Roach x5  
  82  7:59  Drone  
  82  8:00  Drone  
  82  8:02  Overlord x4  
  84  8:09  Lair  
  84  8:20  Drone x2  
  84  8:22  Drone x3  
  84  8:26  Roach  
  84  8:27  Roach x3  
  95  8:34  Drone x2  
  95  8:35  Drone x2  
  99  8:47  Roach x4  
  107  8:50  Drone  
  108  9:02  Roach x4  
  118  9:03  Roach  
  118  9:12  Drone x4  
  122  9:42  Overlord  
  122  9:43  Overlord x3  
  122  9:47  Extractor  
  121  10:03  Ravager  
  121  10:04  Ravager x6  
  121  10:05  Ravager x7  
  134  10:29  Hatchery  
  102  10:54  Evolution Chamber  
  102  10:57  Zergling x14  
  85  11:16  Hatchery  
Show
View Real Time Build Order
Export as new Build Order

Cellsidus Zerg - Winner!

Build Orders: Pool First 

Get SALT Encoding   

  12  0:02  Drone  
  13  0:13  Overlord  
  13  0:18  Drone  
  14  0:39  Drone x3  
  17  0:47  Spawning Pool  
  16  0:50  Extractor  
  16  0:55  Drone  
  16  1:03  Overlord  
  16  1:24  Drone  
  17  1:34  Queen  
  17  1:35  Zergling x4  
  21  1:44  Zergling x2  
  22  1:49  Metabolic Boost  
  22  1:57  Zergling x2  
  23  2:07  Zergling x2  
  24  2:16  Zergling x2  
  24  2:22  Hatchery  
  25  2:30  Zergling x2  
  25  2:37  Zergling x2  
  25  2:42  Zergling x4  
  28  2:46  Zergling x2  
  29  2:52  Zergling x2  
  29  2:57  Baneling Nest  
  29  3:03  Zergling x2  
  30  3:20  Overlord  
  21  3:48  Zergling x6  
  21  3:55  Baneling x2  
  21  3:57  Zergling x6  
  21  4:01  Zergling x2  
  21  4:02  Zergling x4  
  27  4:03  Queen  
  27  4:08  Zergling x2  
  27  4:09  Zergling x2  
  31  4:20  Zergling x2, Evolution Chamber  
  31  4:21  Zergling x2  
  26  4:53  Zergling x12  
  26  4:54  Zergling x2  
  26  4:56  Baneling x3  
  31  5:18  Zergling x8  
  34  5:27  Drone x2  
  25  6:02  Baneling x6  
  25  6:03  Drone x4  
  29  6:08  Zerg Melee Weapons Level 1  
  29  6:10  Drone  
  30  6:11  Drone  
  26  6:43  Zergling x2  
  26  6:44  Zergling x18  
  26  6:46  Zergling x2  
  37  6:48  Zergling x2  
  38  7:00  Zergling x4  
  40  7:08  Zergling x2  
  40  7:09  Zergling x6  
  40  7:11  Overlord  
  44  7:33  Zergling x2  
  44  7:34  Zergling x10  
  50  7:38  Zergling x4  
  50  7:42  Overlord  
  52  7:58  Overlord  
  51  8:01  Zergling x10  
  56  8:10  Zergling x6  
  59  8:18  Zergling x6  
  59  8:19  Zergling x2  
  63  8:21  Zergling x2  
  64  8:43  Zergling x6  
  64  8:45  Overlord  
  64  8:46  Overlord  
  67  9:03  Lair  
  67  9:07  Zergling x8  
  67  9:08  Zergling x4  
  73  9:10  Zergling x2  
  73  9:14  Zergling x2  
  73  9:16  Zergling x2  
  76  9:19  Zergling x2  
  76  9:21  Zergling x2  
  78  9:24  Zergling x2  
  78  9:30  Zergling x4  
  81  9:41  Overlord  
  81  9:42  Overlord  
  81  9:55  Zergling x4  
  82  10:23  Zergling x2  
  82  10:24  Zergling x12  
  82  10:25  Zergling x2  
  56  11:10  Hatchery  
Tags
 
Add a new tag
Caveats
  • Supply blocks, unpowered buildings, or Contaminate may cause inaccurate times.
  • Supply counts are checked every 10 seconds.